 Dungeon Crawl Stone Soup version 0.27-a0-29-g2d0a2396b0 (webtiles) character file.

Game seed: 9501408761844065194

540 gruber the Archer (level 7, -1/52 HPs)
             Began as a Gnoll Wanderer on Jan 3, 2021.
             Slain by an adder (3 damage)
             ... on level 4 of the Dungeon.
             The game lasted 00:04:00 (4258 turns).

gruber the Archer (Gnoll Wanderer)                  Turns: 4258, Time: 00:04:01

Health: -1/52      AC:  3    Str: 16    XL:     7   Next: 26%
Magic:  10/10      EV: 13    Int: 17    God:
Gold:   237        SH:  0    Dex: 12    Spells: 10/10 levels left

rFire    + . .     SeeInvis +   a - +2 shortbow
rCold    . . .     Faith    .   (shield currently unavailable)
rNeg     . . .     Spirit   .   s - +0 robe of Magefil {rF+} (curse)
rPois    .         Reflect  .   (no helmet)
rElec    .         Harm     .   p - +0 cloak
rCorr    .         Rampage  .   (no gloves)
Will     .....                  (no boots)
Stlth    ++........             (no amulet)
HPRegen  0.17/turn              k - ring of see invisible
MPRegen  0.12/turn              (no ring)

@: lethally poisoned (-1 -> -9), hasted, very quick
A: distributed training, fangs 1, strong nose
a: no special abilities


You were on level 4 of the Dungeon.
You visited 1 branch of the dungeon, and saw 4 of its levels.

You collected 237 gold pieces.

Inventory:

Hand Weapons
 a - a +2 shortbow (weapon)
 j - a +0 short sword of flaming
Missiles
 b - 16 arrows (quivered ammo)
Armour
 p - a +0 cloak (worn)
 s - the cursed +0 robe of Magefil (worn) {rF+}
   (You found it on level 4 of the Dungeon)

   It protects you from fire.
   It has a curse placed upon it.
Jewellery
 k - a ring of see invisible (left hand)
Wands
 r - a wand of polymorph (2)
 u - a wand of acid (3)
Scrolls
 c - 2 scrolls of magic mapping {unknown}
 i - 3 scrolls of remove curse {unknown}
 m - a scroll of immolation {unknown}
 q - 2 scrolls of identify {unknown}
 t - a scroll of random uselessness {unknown}
Potions
 d - 2 potions of lignification
 e - a potion of heal wounds {unknown}
 f - 2 potions of magic {unknown}
 g - 3 potions of haste
 h - 2 potions of might {unknown}
 l - 3 potions of curing {unknown}
 n - a potion of berserk rage {unknown}
 o - a potion of brilliance {unknown}


   Skills:
 + Level 3.5 Fighting
 + Level 2.3 Short Blades
 + Level 2.3 Long Blades
 + Level 2.3 Axes
 + Level 2.3 Maces & Flails
 + Level 2.3 Polearms
 + Level 2.3 Staves
 + Level 2.3 Slings
 + Level 8.9 Bows
 + Level 2.3 Crossbows
 + Level 3.5 Throwing
 + Level 3.5 Armour
 + Level 3.5 Dodging
 + Level 3.4 Stealth
 + Level 2.3 Shields
 + Level 2.3 Unarmed Combat
 + Level 2.3 Spellcasting
 + Level 1.9 Conjurations
 + Level 1.9 Hexes
 + Level 1.9 Summonings
 + Level 1.9 Necromancy
 + Level 1.9 Translocations
 + Level 1.9 Transmutations
 + Level 1.9 Fire Magic
 + Level 1.9 Ice Magic
 + Level 1.9 Air Magic
 + Level 1.9 Earth Magic
 + Level 1.9 Poison Magic
 + Level 2.6 Invocations
 + Level 3.5 Evocations


You had 10 spell levels left.
You didn't know any spells.
Your spell library was empty.

Dungeon Overview and Level Annotations

Branches:
Dungeon (4/15)
 Temple: D:4-7

Altars:

Annotations:
D:2 Natasha


Innate Abilities, Weirdness & Mutations

Your experience applies equally to all skills.
You have very sharp teeth.
Your uncanny sense of smell can sniff out nearby items.


Message History

* * * LOW HITPOINT WARNING * * *
You are more poisoned.
The adder poisons you!
Unknown command.
Unknown command.
* * * LOW HITPOINT WARNING * * *
You feel sick.
* * * LOW HITPOINT WARNING * * *
You feel sick. The adder bites you.
* * * LOW HITPOINT WARNING * * *
You are more poisoned.
The adder poisons you!
* * * LOW HITPOINT WARNING * * *
You feel sick.
* * * LOW HITPOINT WARNING * * *
You feel sick.
It was a potion of haste.
You feel yourself speed up.
* * * LOW HITPOINT WARNING * * *
You feel sick. The adder bites you.
You die...

## #####.## .## ##......#
...# #.......# #...##
#.......# ####...##
####......#
##.......####g.g......#
#..>......@Sg.##......##
##...........####......(#
#...........## #.....#()#
#..........## #....###)(#
# ##..........# ##..(#
#.(. ## #..........##
##### #.. .# #.........##
#### #( .#
###....#..#####..### . .#
##....#..#.........#


You could see 3 gnolls and an adder.

Vanquished Creatures
  Grinder (D:3)
  An ogre (D:3)
  An orc priest (D:3)
  A gnoll shaman (D:4)
  An orc wizard (D:3)
  Terence (D:2)
  2 gnolls (D:4)
  5 adders
  An ufetubus (D:2)
  An adder skeleton (D:4)
  A worm (D:2)
  2 dart slugs
  3 leopard geckos
  2 orcs (D:3)
  4 giant cockroaches
  11 hobgoblins
  3 jackals (D:2)
  5 kobolds
  A quokka (D:3)
  A ball python (D:3)
  7 bats
  2 frilled lizards
  7 goblins
  8 rats
72 creatures vanquished.

Notes
Turn   | Place    | Note
-------+----------+-------------------------------------------
     0 | D:1      | gruber the Gnoll Wanderer began the quest for the Orb.
     0 | D:1      | gruber set off with the following items: a +2 shortbow, 26
                  | arrows, a +0 hand axe, a potion of lignification, a +0 robe
     0 | D:1      | Reached XP level 1. HP: 17/17 MP: 1/1
   207 | D:1      | Reached XP level 2. HP: 23/23 MP: 2/2
  1037 | D:1      | Reached XP level 3. HP: 28/28 MP: 3/3
  1166 | D:2      | Reached skill level 1 in Invocations
  1580 | D:2      | Reached skill level 1 in Short Blades
  1580 | D:2      | Reached skill level 1 in Long Blades
  1580 | D:2      | Reached skill level 1 in Axes
  1580 | D:2      | Reached skill level 1 in Maces & Flails
  1580 | D:2      | Reached skill level 1 in Polearms
  1580 | D:2      | Reached skill level 1 in Staves
  1580 | D:2      | Reached skill level 1 in Slings
  1580 | D:2      | Reached skill level 1 in Crossbows
  1580 | D:2      | Reached skill level 1 in Shields
  1580 | D:2      | Reached skill level 1 in Unarmed Combat
  1580 | D:2      | Reached skill level 1 in Spellcasting
  1758 | D:2      | Noticed Terence
  1758 | D:2      | Noticed Natasha
  1832 | D:2      | Killed Terence
  1833 | D:2      | Reached XP level 4. HP: 30/34 MP: 5/5
  1946 | D:2      | Reached skill level 1 in Conjurations
  1946 | D:2      | Reached skill level 1 in Hexes
  1946 | D:2      | Reached skill level 1 in Summonings
  1946 | D:2      | Reached skill level 1 in Necromancy
  1946 | D:2      | Reached skill level 1 in Translocations
  1946 | D:2      | Reached skill level 1 in Transmutations
  1946 | D:2      | Reached skill level 1 in Fire Magic
  1946 | D:2      | Reached skill level 1 in Ice Magic
  1946 | D:2      | Reached skill level 1 in Air Magic
  1946 | D:2      | Reached skill level 1 in Earth Magic
  1946 | D:2      | Reached skill level 1 in Poison Magic
  2778 | D:3      | Noticed an ogre
  2787 | D:3      | Killed an ogre
  2788 | D:3      | Reached XP level 5. HP: 41/41 MP: 5/7
  3219 | D:3      | Noticed Grinder
  3221 | D:3      | Paralysed by Grinder for 3 turns
  3233 | D:3      | Killed Grinder
  3234 | D:3      | Reached XP level 6. HP: 47/47 MP: 7/9
  3414 | D:3      | Reached XP level 7. HP: 47/52 MP: 10/10
  3745 | D:4      | Got a tattered robe
  3756 | D:4      | Identified the cursed +0 robe of Magefil {rF+} (You found
                  | it on level 4 of the Dungeon)
  4257 | D:4      | HP: 2/52 [poisoned by an adder]
  4258 | D:4      | Slain by an adder

Illustrated notes

Levels and vault maps discovered:
D:1:      lightli_arrival_statue_moat, layout_loops_ring,
          minmay_misc_feat_enclosed
D:2:      layout_basic, uniq_terence, uniq_natasha
D:3:      minmay_spotlight, layout_loops_corners, uniq_grinder
D:4:      layout_cave_pods

Skill      XL: |  1  2  3  4  5 |
---------------+----------------+-----
Invocations    | 1 2 |  2.6
Short Blades   | 1 2 |  2.3
Long Blades    | 1 2 |  2.3
Axes           | 1 2 |  2.3
Maces & Flails | 1 2 |  2.3
Polearms       | 1 2 |  2.3
Staves         | 1 2 |  2.3
Slings         | 1 2 |  2.3
Crossbows      | 1 2 |  2.3
Shields        | 1 2 |  2.3
Unarmed Combat | 1 2 |  2.3
Spellcasting   | 1 2 |  2.3
Conjurations   | 1 |  1.9
Hexes          | 1 |  1.9
Summonings     | 1 |  1.9
Necromancy     | 1 |  1.9
Translocations | 1 |  1.9
Transmutations | 1 |  1.9
Fire Magic     | 1 |  1.9
Ice Magic      | 1 |  1.9
Air Magic      | 1 |  1.9
Earth Magic    | 1 |  1.9
Poison Magic   | 1 |  1.9
Fighting       | 3 |  3.5
Throwing       | 3 |  3.5
Armour         | 3 |  3.5
Dodging        | 3 |  3.5
Evocations     | 3 |  3.5
Stealth        | 3 |  3.4
Bows           | |  8.9

Action                   |  1- 3 |  4- 6 |  7- 9 || total
-------------------------+-------+-------+-------++-------
Melee: Hand axe          |     5 |       |       ||     5
       Short sword       |    52 |    39 |    24 ||   115
       Bite              |     3 |     1 |     3 ||     7
       Unarmed           |       |     7 |       ||     7
 Fire: Shortbow          |    62 |    34 |    24 ||   120
  Use: Potion            |       |       |     1 ||     1
 Stab: Sleeping          |     4 |     1 |       ||     5
Armor: Robe              |    12 |     5 |     7 ||    24
       Skin              |       |     2 |       ||     2
Dodge: Dodged            |    48 |    44 |    34 ||   126

Table legend: (Time is in decaauts)
 A = Elapsed time spent in this place.
 B = Non-inter-level travel time spent in this place.
 C = Inter-level travel time spent in this place.
 D = Time resting spent in this place.
 E = Time spent auto-exploring this place.
 F = Levels seen in this place.
 G = Mean time per level.
                   A        B        C        D        E       F      G
               +--------+--------+--------+--------+--------+-----+--------+
         Total |   4214 |   4152 |     62 |      2 |   3551 |   4 | 1053.5 |
       Dungeon |   4214 |   4152 |     62 |      2 |   3551 |   4 | 1053.5 |
               +--------+--------+--------+--------+--------+-----+--------+

Top non-repeatable levels by time:
     D:2: 1436 daAuts
     D:1: 1150 daAuts
     D:3: 1111 daAuts
     D:4: 516 daAuts
